 Dungeon Crawl Stone Soup version 0.20.1-1-g8b1a95d66d (webtiles) character file.

58903 Gargoyl the Envoy of Void (level 14, -7/106 HPs)
             Began as a Centaur Abyssal Knight on Dec 7, 2017.
             Was a High Priest of Lugonu.
             Mangled by an entropy weaver
             ... wielding an uncursed staff of earth
              (8 damage)
             ... on level 13 of the Dungeon.
             The game lasted 00:57:23 (36974 turns).

Gargoyl the Envoy of Void (Centaur Abyssal Knight) Turns: 36974, Time: 00:57:24

Health: -7/106     AC: 20    Str: 18    XL:     14   Next: 51%
Magic:  15/23      EV:  7    Int: 11    God:    Lugonu [*****.]
Gold:   1790       SH: 10    Dex: 13    Spells: 13/13 levels left

rFire    + . .     SeeInvis .   C - +6 hand axe (venom)
rCold    + . .     Gourm    .   l - +0 shield
rNeg     . . .     Faith    .   Q - +2 chain mail {rC+}
rPois    .         Spirit   .   D - +2 hat {MR+}
rElec    .         Reflect  .   e - +0 cloak
rCorr    +         Harm     .   n - +0 pair of gloves
MR       ++...                  (no barding)
Stlth    ..........             (no amulet)
Regen    0.3/turn               h - ring of resist corrosion
MPRegen  0.2/turn               u - ring of protection from fire

@: lethally poisoned (-7 -> -8), very quick
A: hooves 3, horns 1, thin metallic scales 1, deformed body, speed 2, frail 1,
strong 1, tough skin 3, sturdy frame 1
a: Depart the Abyss, Bend Space, Banish, Corrupt, Enter the Abyss, Renounce
Religion


You were on level 13 of the Dungeon.
You worshipped Lugonu.
Lugonu was extremely pleased with you.
You were not hungry.

You visited 2 branches of the dungeon, and saw 19 of its levels.
You visited the Abyss 1 time.
You also visited: Sewer.

You collected 1870 gold pieces.
You spent 80 gold pieces at shops.

Inventory:

Hand Weapons
 i - a +1 war axe of draining
 C - a +6 hand axe of venom (weapon)
Missiles
 M - 3 tomahawks of returning (quivered)
Armour
 e - a +0 cloak (worn)
 l - a +0 shield (worn)
 n - a +0 pair of gloves (worn)
 D - a +2 hat of magic resistance (worn)
 Q - a +2 chain mail of cold resistance (worn)
Jewellery
 h - a ring of resist corrosion (left hand)
 u - a ring of protection from fire (right hand)
Wands
 c - a wand of random effects (35/48)
 s - a wand of lightning (6/15)
 y - a wand of polymorph (8/24)
 z - a wand of confusion (20/48)
 H - a wand of iceblast (6/15)
 L - a wand of polymorph (14/24)
 O - a wand of flame (30/48)
Scrolls
 k - 5 scrolls of identify
 p - 7 scrolls of remove curse
 r - 2 scrolls of fog
 t - 6 scrolls of amnesia
 v - a scroll of magic mapping
 A - 6 scrolls of blinking
 B - 4 scrolls of fear
 I - 8 scrolls of teleportation
 R - 2 scrolls of recharging
Potions
 f - 3 potions of cancellation
 g - 2 potions of agility
 m - 12 potions of curing
 o - 2 potions of might
 q - 3 potions of magic
 w - 3 potions of haste
 x - a potion of flight
 G - a potion of heal wounds
 N - a potion of invisibility
 S - 3 potions of lignification
 X - 4 potions of brilliance
Books
 d - a book of Geomancy

   Spells                             Type                      Level
   a - Sandblast                      Earth                        1
   b - Passwall                       Transmutation/Earth          2
   c - Stone Arrow                    Conjuration/Earth            3
   d - Petrify                        Transmutation/Earth          4
   e - Lee's Rapid Deconstruction     Earth                        5
 E - a book of Changes

   Spells                             Type                      Level
   a - Beastly Appendage              Transmutation                1
   b - Sticks to Snakes               Transmutation                2
   c - Spider Form                    Transmutation/Poison         3
   d - Ice Form                       Ice/Transmutation            4
   e - Blade Hands                    Transmutation                5
 J - a book of Conjurations

   Spells                             Type                      Level
   a - Magic Dart                     Conjuration                  1
   b - Searing Ray                    Conjuration                  2
   c - Dazzling Spray                 Conjuration/Hexes            3
   d - Fulminant Prism                Conjuration/Hexes            4
   e - Force Lance                    Conjuration/Translocation    4
   f - Iskenderun's Mystic Blast      Conjuration                  4
 K - a book of Misfortune

   Spells                             Type                      Level
   a - Confusing Touch                Hexes                        1
   b - Confuse                        Hexes                        3
   c - Gell's Gravitas                Translocation                3
   d - Petrify                        Transmutation/Earth          4
   e - Metabolic Englaciation         Hexes/Ice                    5
   f - Yara's Violent Unravelling     Hexes/Transmutation          5
 V - a book of the Earth

   Spells                             Type                      Level
   a - Leda's Liquefaction            Hexes/Earth                  4
   b - Bolt of Magma                  Conjuration/Fire/Earth       5
   c - Statue Form                    Transmutation/Earth          6
   d - Iron Shot                      Conjuration/Earth            6
   e - Shatter                        Earth                        9
Comestibles
 a - 29 royal jellies
 b - 25 fruits
 j - 6 meat rations
 F - a bread ration
 P - 3 chunks of flesh


   Skills:
 + Level 9.3 Fighting
 + Level 11.2 Axes
 + Level 2.2 Throwing
 * Level 11.5 Armour
 + Level 4.6 Dodging
 + Level 6.3 Shields
 * Level 12.3 Invocations
 + Level 0.1 Evocations


You had 13 spell levels left.
You didn't know any spells.

Dungeon Overview and Level Annotations

Branches:
Dungeon (13/15)            Temple (0/1) D:5            Lair (6/6) D:11
 Shoals (0/4) Lair:4        Snake (0/4) Lair:3        Slime (0/5) Lair:5
    Orc (0/2) D:10
 Vaults: D:13-14

Altars:
Trog
Jiyva

Shops:
D:9 (   D:10 =   D:12 *


Innate Abilities, Weirdness & Mutations

You have hooves in place of feet.
Armour fits poorly on your strangely shaped body.
You cover ground very quickly.
You have extremely tough skin. (AC +3)
You have a pair of small horns on your head.
You are partially covered in thin metallic scales. (AC +2)
You are frail. (-10% HP)
Your muscles are strong. (Str +2)
Your movements are slightly less encumbered by armour. (ER -2)


Message History

You block the entropy weaver's attack.
The entropy weaver hits you but does no damage. x2
Press: ? - help, Shift-Dir - straight line, f/p - entropy weaver
Aim: an entropy weaver, wielding a staff of earth and wearing a robe (severely wounded, poisoned, chance to defeat MR: 60%)
The entropy weaver resists with significant effort.
You feel somewhat more hungry.
You feel sick.
The entropy weaver hits you with a staff of earth.
* * * LOW HITPOINT WARNING * * *
The entropy weaver crushes you!
* * * LOW HITPOINT WARNING * * *
The entropy weaver hits you with a staff of earth!
* * * LOW HITPOINT WARNING * * *
The entropy weaver crushes you!
* * * LOW HITPOINT WARNING * * *
The entropy weaver hits you with a staff of earth.
* * * LOW HITPOINT WARNING * * *
The entropy weaver crushes you!
* * * LOW HITPOINT WARNING * * *
The entropy weaver hits you with a staff of earth!
You die...

..........# #.# .........##... ..
########.# .........#.... .
.........# ........## ...###. ##
.........# #......###. #..#..
.#########..# #.######... ##...##
...## #..# #.# ... #..... ....#
#..# #.# ...###.a†###...# #..#
#.# #..#..#@%#..# #..# #.#
##...###.%.## #..#
#.########[....#....=# #..#
.........##...###...##########..#
..........###..#..###...........#
#..######...##...## ##########..#
#..# ###..#'''# #..# #..#
##.....# #..# #..# ####### #..#


You could see an entropy weaver.

Vanquished Creatures
  Gastronok (Lair:3)
  An entropy weaver (D:12)
  Harold (Lair:1)
  A catoblepas (Lair:2)
  2 two-headed ogres
  5 death yaks
  Nergalle (Lair:3)
  A necromancer (Lair:5)
  Pikel (D:8)
  A lindwurm (Lair:6)
  3 ugly things
  A moth of wrath (D:6)
  5 black mambas
  17 elephants
  Joseph (D:8)
  A centaur zombie (D:11)
  8 spiny frogs
  A centaur skeleton (D:13)
  3 rime drakes (Lair:6)
  7 komodo dragons
  2 trolls (D:13)
  A queen bee (D:11)
  A hornet (D:11)
  A polar bear (Lair:4)
  A snapping turtle (Lair:4)
  19 blink frogs
  7 dream sheep
  10 hippogriffs
  A shadow (D:12)
  A wyvern (Lair:3)
  5 basilisks
  A steam dragon (D:12)
  32 yaks
  3 hungry ghosts
  3 nagas (Lair:3)
  Edmund (D:5)
  15 soldier ants
  11 water moccasins
  16 porcupines
  2 hell hounds (D:11)
  An ice beast (D:13)
  7 orc warriors
  4 sky beasts
  A black bear (D:8)
  2 necrophages
  5 phantoms
  7 centaurs
  11 ogres
  9 wolves
  16 crocodiles
  2 big kobolds
  13 bullfrogs
  A water moccasin zombie (D:11)
  A gnoll sergeant (D:5)
  A wyvern skeleton (D:10)
  3 scorpions
  23 killer bees
  4 wights (D:13)
  10 howler monkeys
  2 crimson imps
  2 bullfrog zombies
  7 jellies
  14 hounds
  2 orc priests
  3 bullfrog skeletons
  2 quasits
  4 gnoll shamans
  18 orc wizards
  4 iguanas
  23 worker ants
  6 polar bear simulacra (Lair:5)
  A killer bee zombie (D:7)
  4 wolf simulacra (Lair:5)
  2 hound zombies
  A hound skeleton (D:10)
  2 worker ant zombies
  12 gnolls
  4 river rats (Sewer)
  14 adders
  A shadow imp (D:13)
  2 oozes (Sewer)
  An adder zombie (D:7)
  An adder skeleton (D:4)
  4 worms
  4 dart slugs
  4 leopard geckos
  52 orcs
  8 ball pythons (Sewer)
  20 giant cockroaches
  6 goblins
  9 hobgoblins
  12 jackals
  22 kobolds
  3 quokkas
  3 bats
  9 frilled lizards
  2 quokka skeletons
  33 rats
  A river rat simulacrum (Lair:5)
  2 fungi
  3 plants
645 creatures vanquished.

Vanquished Creatures (others)
  6 hydras
  A death yak (Lair:6)
  2 oklob plants (Lair:1)
  A black mamba (Lair:6)
  The ghost of jesusflecha the Slasher, a novice DrBe of Trog (D:5)
  Psyche (D:8)
  A troll (D:7)
  A hippogriff (Lair:6)
  A swamp drake (D:8)
  An orc warrior (D:6)
  2 slaves (D:8)
  A bullfrog (D:7)
  2 killer bees (D:11)
  An orc wizard (D:10)
  A bush (Lair:2)
  13 fungi
  16 plants
52 creatures vanquished.

Grand Total: 697 creatures vanquished

Notes
Turn   | Place    | Note
-------+----------+-------------------------------------------
     0 | Abyss:1  | Gargoyl the Centaur Abyssal Knight began the quest for the Orb.
     0 | Abyss:1  | Reached XP level 1. HP: 19/19 MP: 2/2
    35 | Abyss:2  | Noticed an efreet
    44 | Abyss:2  | Noticed an ancient zyme
    55 | Abyss:2  | Noticed a chaos spawn
    74 | Abyss:2  | Noticed a glowing orange brain
    80 | D:1      | Escaped the Abyss
   377 | D:1      | Reached * piety under Lugonu
   380 | D:1      | Reached XP level 2. HP: 24/26 MP: 3/3
   950 | D:2      | Reached XP level 3. HP: 19/31 MP: 4/4
  1431 | D:2      | Reached skill level 1 in Dodging
  1755 | D:2      | Reached XP level 4. HP: 37/38 MP: 5/5
  2098 | D:3      | Found a glowing drain.
  2107 | D:3      | Reached ** piety under Lugonu
  2115 | Sewer    | Entered a sewer
  2637 | Sewer    | Reached XP level 5. HP: 28/45 MP: 7/7
  2999 | Sewer    | HP: 2/46 [bullfrog (4)]
  3002 | Sewer    | Gained mutation: You have a pair of small antennae on your head. [potion of mutation]
  3002 | Sewer    | Gained mutation: You are weak. (Str -2) [potion of mutation]
  3002 | Sewer    | Lost mutation: You are weak. (Str -2) [potion of mutation]
  3016 | Sewer    | Reached skill level 3 in Invocations
  3018 | Sewer    | Reached *** piety under Lugonu
  3020 | Sewer    | Reached XP level 6. HP: 16/52 MP: 8/8
  3403 | D:3      | Reached skill level 1 in Shields
  4020 | D:4      | HP: 2/52 [orc wizard/dagger (3)]
  4756 | D:4      | Reached XP level 7. HP: 54/59 MP: 9/9
  5329 | D:5      | Entered Level 5 of the Dungeon
  5332 | D:5      | Noticed jesusflecha's ghost (novice DrBe)
  5343 | D:5      | Banished jesusflecha's ghost
  5343 | D:5      | Reached skill level 4 in Invocations
  5636 | D:5      | Reached **** piety under Lugonu
  5649 | D:5      | Noticed Edmund
  5662 | D:5      | Killed Edmund
  5662 | D:5      | Reached XP level 8. HP: 30/67 MP: 11/11
  6094 | D:5      | Found a staircase to the Ecumenical Temple.
  6861 | D:5      | Reached skill level 5 in Armour
  7390 | D:6      | Reached skill level 5 in Fighting
  7390 | D:6      | Reached skill level 5 in Axes
  7390 | D:6      | Reached skill level 5 in Invocations
  7984 | D:5      | Reached XP level 9. HP: 53/74 MP: 12/12
  8651 | D:6      | Gained mutation: You have a beak for a mouth. [mutagenic meat]
  8652 | D:6      | Gained mutation: Your body sometimes deteriorates upon taking damage. [mutagenic meat]
  8654 | D:6      | Gained mutation: You are clumsy. (Dex -2) [mutagenic meat]
  8655 | D:6      | Lost mutation: Your body sometimes deteriorates upon taking damage. [mutagenic meat]
  8656 | D:6      | Gained mutation: You possess an exceptional clarity of mind. [mutagenic meat]
  9093 | D:6      | Noticed a moth of wrath
  9095 | D:6      | Found a bloodstained altar of Trog.
  9174 | D:6      | Killed a moth of wrath
  9469 | D:6      | Gained mutation: Scrolls take you a little longer to read. [mutagenic meat]
  9470 | D:6      | Lost mutation: You have a beak for a mouth. [mutagenic meat]
  9471 | D:6      | Gained mutation: You are dopey. (Int -2) [mutagenic meat]
  9473 | D:6      | Gained mutation: You are very dopey. (Int -4) [mutagenic meat]
 10109 | D:7      | Reached ***** piety under Lugonu
 11127 | D:7      | Reached skill level 6 in Invocations
 11645 | D:7      | Noticed a troll
 11657 | D:7      | Banished a troll
 11657 | D:7      | Reached XP level 10. HP: 5/83 MP: 9/14
 12153 | D:8      | Noticed Pikel
 12162 | D:8      | Noticed Psyche
 12162 | D:8      | Killed Pikel
 12185 | D:8      | Killed Psyche
 12482 | D:8      | Reached skill level 7 in Invocations
 12492 | D:8      | Gained mutation: You are partially covered in thin metallic scales. (AC +2) [mutagenic meat]
 12493 | D:8      | Lost mutation: You possess an exceptional clarity of mind. [mutagenic meat]
 12496 | D:8      | Gained mutation: Your muscles are strong. (Str +2) [mutagenic meat]
 12567 | D:8      | Noticed Joseph
 12582 | D:8      | Killed Joseph
 13545 | D:9      | Found Cuhitz's Antique Weapon Boutique.
 13793 | D:10     | Entered Level 10 of the Dungeon
 14089 | D:10     | Found Raycvi's Jewellery Shop.
 14577 | D:10     | Found a staircase to the Orcish Mines.
 15313 | D:11     | Reached XP level 11. HP: 89/90 MP: 16/16
 15586 | D:11     | Paralysed by a hornet for 1 turns
 15596 | D:11     | Paralysed by a hornet for 3 turns
 16895 | D:11     | Noticed a purple ugly thing
 16914 | D:11     | Killed a purple ugly thing
 17193 | D:11     | Found a staircase to the Lair.
 17331 | Lair:1   | Entered Level 1 of the Lair of Beasts
 17625 | Lair:1   | Reached skill level 8 in Invocations
 18346 | Lair:1   | Noticed an oklob plant
 18351 | Lair:1   | Noticed an oklob plant
 18378 | Lair:1   | Banished an oklob plant
 18390 | Lair:1   | Banished an oklob plant
 18525 | Lair:1   | Noticed Harold
 18806 | Lair:1   | Killed Harold
 20345 | Lair:2   | Got a tiger eye-studded chain mail
 20356 | Lair:2   | Identified the cursed +0 chain mail "Forget-Me-Not" {rElec rCorr Str+6 Dex-3} (You found it on level 2 of the Lair of Beasts)
 20887 | Lair:2   | Noticed a catoblepas
 20903 | Lair:2   | Killed a catoblepas
 20903 | Lair:2   | Reached skill level 9 in Invocations
 20903 | Lair:2   | Reached XP level 12. HP: 62/100 MP: 18/18
 21140 | Lair:2   | Noticed an eight-headed hydra
 21144 | Lair:2   | Banished an eight-headed hydra
 22258 | Lair:3   | Found a staircase to the Snake Pit.
 22303 | Lair:3   | Reached skill level 1 in Throwing
 22392 | Lair:3   | Noticed Nergalle
 22483 | Lair:2   | Noticed a seven-headed hydra
 22485 | Lair:2   | Banished a seven-headed hydra
 22754 | Lair:3   | Killed Nergalle
 22903 | Lair:3   | Noticed Gastronok
 23147 | Lair:3   | Noticed a six-headed hydra
 23149 | Lair:3   | Banished a six-headed hydra
 23170 | Lair:3   | Killed Gastronok
 23170 | Lair:3   | Reached skill level 10 in Invocations
 24183 | Lair:4   | Reached skill level 5 in Shields
 25083 | Lair:4   | Reached skill level 10 in Axes
 25083 | Lair:4   | Reached XP level 13. HP: 64/107 MP: 20/20
 25265 | Lair:4   | Found a staircase to the Shoals.
 26028 | Lair:5   | Reached skill level 10 in Armour
 26226 | Lair:5   | Found a staircase to the Slime Pits.
 26226 | Lair:5   | Found a viscous altar of Jiyva.
 27716 | Lair:6   | Entered Level 6 of the Lair of Beasts
 28976 | Lair:6   | Reached skill level 11 in Invocations
 32153 | Lair:6   | Reached XP level 14. HP: 40/116 MP: 19/22
 32585 | Lair:5   | Reached skill level 12 in Invocations
 34258 | D:11     | Gained mutation: You are frail. (-10% HP) [mutagenic meat]
 34259 | D:11     | Gained mutation: You passively map a small area around you. [mutagenic meat]
 34261 | D:11     | Lost mutation: You are clumsy. (Dex -2) [mutagenic meat]
 34907 | D:12     | Found Ysmat's General Store.
 34915 | D:12     | Bought a potion of heal wounds for 80 gold pieces
 35050 | D:12     | Lost mutation: You are frail. (-10% HP) [potion of mutation]
 35050 | D:12     | Lost mutation: You passively map a small area around you. [potion of mutation]
 35050 | D:12     | Lost mutation: You are very dopey. (Int -4) [potion of mutation]
 35050 | D:12     | Lost mutation: You are dopey. (Int -2) [potion of mutation]
 35050 | D:12     | Lost mutation: You have a pair of small antennae on your head. [potion of mutation]
 35050 | D:12     | Lost mutation: Scrolls take you a little longer to read. [potion of mutation]
 35050 | D:12     | Gained mutation: Your movements are slightly less encumbered by armour. (ER -2) [potion of mutation]
 35050 | D:12     | Gained mutation: You are frail. (-10% HP) [potion of mutation]
 35050 | D:12     | Gained mutation: You have a pair of small horns on your head. [potion of mutation]
 35739 | D:13     | Noticed an entropy weaver
 35905 | D:12     | Killed an entropy weaver
 36422 | D:13     | Noticed an entropy weaver
 36972 | D:13     | HP: 4/106 [entropy weaver/staff of earth (11)]
 36974 | D:13     | HP: 1/106 [entropy weaver/staff of earth (2)]
 36974 | D:13     | Mangled by an entropy weaver

Skill      XL: |  1  2  3  4  5  6  7  8  9 10 11 12 13 14 |
---------------+-------------------------------------------+-----
Axes           | 2 3 5 6 7 8 10 11 | 11.2
Dodging        | 1 2 3 4 |  4.6
Armour         | 2 3 4 5 6 7 9 11 | 11.5
Invocations    | 3 4 5 6 7 9 10 11 12 | 12.3
Fighting       | 4 5 6 7 8 9 |  9.3
Shields        | 1 2 3 4 5 6 |  6.3
Throwing       | 2 |  2.2
Evocations     | |  0.1

Action                   |  1- 3 |  4- 6 |  7- 9 | 10-12 | 13-15 || total
-------------------------+-------+-------+-------+-------+-------++-------
Melee: Hand axe          |    89 |   205 |   406 |   410 |   898 ||  2008
       Kick              |    13 |    34 |    98 |   252 |   313 ||   710
       War axe           |       |       |    43 |   566 |       ||   609
       Peck              |       |       |    12 |       |       ||    12
       Headbutt          |       |       |       |       |    35 ||    35
Throw: Tomahawk          |       |       |     6 |    22 |     5 ||    33
Invok: Depart the Abyss  |     1 |       |       |       |       ||     1
       Bend Space        |       |     1 |       |     1 |       ||     2
       Banish            |       |       |     3 |    12 |    15 ||    30
Evoke: Wand              |       |       |     2 |       |       ||     2
  Use: Scroll            |     8 |     6 |     1 |    12 |     7 ||    34
       Potion            |       |     9 |     6 |     2 |     2 ||    19
  Eat: Chunk             |     2 |     5 |    26 |    30 |    24 ||    87
       Bread ration      |       |     1 |     1 |     5 |       ||     7
       Fruit             |       |       |     6 |       |     1 ||     7
       Meat ration       |       |       |       |       |     4 ||     4
       Royal jelly       |       |       |       |       |     1 ||     1
Armor: Scale mail        |    47 |   159 |   277 |   180 |       ||   663
       Chain mail        |       |       |       |   445 |   533 ||   978
Dodge: Dodged            |    28 |    67 |   157 |   231 |   220 ||   703
Block: Shield            |    22 |    95 |   262 |   464 |   458 ||  1301
